 Dungeon Crawl Stone Soup version 0.14-a0-2881-g20de702 (webtiles) character file.

211 JEFFREY the Slasher (level 5, -4/41 HPs)
             Began as a Formicid Fighter on Feb 28, 2014.
             Slain by Grinder (6 damage)
             ... on Level 3 of the Dungeon.
             The game lasted 00:06:37 (1781 turns).

JEFFREY the Slasher (Formicid Fighter)              Turns: 1781, Time: 00:06:37

HP  -4/41        AC 10     Str 22      XL: 5   Next: 13%
MP   5/5         EV  5     Int  7      God:
Gold 102         SH 19     Dex 12      Spells:  0 memorised,  4 levels left

rFire  . . .     SeeInvis +     a - +0 falchion
rCold  . . .     Clarity  +     r - +0 chain mail
rNeg   . . .     Conserve .     c - +0 shield
rPois  .         rCorr    .     (helmet unavailable)
rElec  .         rRot     .     (no cloak)
SustAb . .       Spirit   .     (no gloves)
rMut   .         Warding  .     (no boots)
Saprov . . .     Stasis   +     j - amulet of clarity
MR     .....                    s - +2 ring of dexterity
                                (no ring)

@: not resistant to hostile enchantments, extremely unstealthy
A: permanent stasis, dig shafts and tunnels, four strong arms, poison weakness,
antennae 3, exoskeleton 1
a: Dig, Shaft Self


You were on level 3 of the Dungeon.
You were not hungry.

You visited 1 branch of the dungeon, and saw 3 of its levels.

You collected 102 gold pieces.

Inventory:

Hand weapons
 a - a +0,+0 falchion (weapon)
Armour
 c - a +0 shield (worn)
 r - a +0 chain mail (worn)
Comestibles
 d - 4 bread rations
 f - 3 meat rations
 h - a rambutan
Scrolls
 g - a scroll of enchant weapon II {unknown}
 l - a scroll of curse jewellery
 m - a scroll of enchant armour {unknown}
 n - a scroll of identify
 o - a scroll of random uselessness {unknown}
Jewellery
 j - an amulet of clarity (around neck)
 s - a +2 ring of dexterity (right hand)
Potions
 b - a potion of heal wounds {unknown}
 e - a potion of mutation {unknown}
 i - a potion of flight {unknown}
 q - a potion of restore abilities {unknown}


   Skills:
 - Level 3.0 Fighting
 + Level 4.9 Long Blades
 - Level 3.6 Armour
 - Level 3.0 Shields


You had 4 spell levels left.
You didn't know any spells.

Dungeon Overview and Level Annotations

Branches:
Dungeon (3/16)

Altars:

Annotations:
D:3 Grinder


Innate Abilities, Weirdness & Mutations

Your are under a permanent stasis effect.
You can dig through walls and to a lower floor.
Your four strong arms can wield any weapon, most with a shield.
You have a pair of large antennae on your head (SInv).
Your body is surrounded by an exoskeleton. (AC +1)


Message History

Pain shoots through your body!
Grinder drinks a potion.
Grinder is healed!
Grinder zaps a wand.
The magic dart hits you!
Found a scroll of identify.
You barely miss Grinder.
Grinder is moderately wounded.
Grinder barely misses you.
You hit Grinder.
Grinder is moderately wounded.
Grinder barely misses you.
You closely miss Grinder.
Grinder is moderately wounded.
Grinder hits you!
* * * LOW HITPOINT WARNING * * *
You writhe in agony.
* * * LOW HITPOINT WARNING * * *
You hit Grinder but do no damage.
Grinder is moderately wounded.
Grinder hits you.
You die...

#. #. # ###.#######
.. ........... #
######!.....# . #
#...........##.#
#...........##.# #
#..%........##.# #
#.....5@....##.# #
.............##'###
.................#
.................#
?....####........#
#### ######'#.#
#.#.# #.#.#
###########.#.#


You could see Grinder.

Vanquished Creatures
  3 adders (D:2)
  4 gnolls (D:3)
  A worm (D:2)
  An ooze (D:3)
  An orc (D:3)
  A ball python (D:2)
  2 bats (D:3)
  2 giant cockroaches (D:1)
  2 hobgoblins
  3 kobolds
  6 giant newts
  5 goblins
  7 rats
38 creatures vanquished.

Notes
Turn   | Place    | Note
--------------------------------------------------------------
     0 | D:1      | JEFFREY, the Formicid Fighter, began the quest for the Orb.
     0 | D:1      | Reached XP level 1. HP: 18/18 MP: 1/1
   270 | D:1      | Reached XP level 2. HP: 17/24 MP: 2/2
   696 | D:2      | Reached XP level 3. HP: 14/29 MP: 3/3
  1195 | D:2      | Reached skill level 4 in Long Blades
  1195 | D:2      | Reached XP level 4. HP: 30/35 MP: 4/4
  1636 | D:3      | Reached XP level 5. HP: 14/41 MP: 5/5
  1752 | D:3      | Noticed Grinder
  1780 | D:3      | HP: 1/41 [Grinder (6)]
  1781 | D:3      | Slain by Grinder

Action                   |  1- 3 |  4- 6 || total
-------------------------+-------+-------++-------
Melee: Falchion          |   124 |    59 ||   183
  Use: Scroll            |       |     5 ||     5
       Potion            |       |     4 ||     4
